 Dungeon Crawl Stone Soup version 0.29.1-12-g30fa7ad0bf (webtiles) character file.

Game seed: 2168963490067952001

37 KittyFluff the Trooper (level 3, 0/34 HPs)
             Began as a Gargoyle Berserker on Jan 6, 2023.
             Was a Believer of Trog.
             Slain by Terence
             ... wielding a +0 mace
              (1 damage)
             ... on level 2 of the Dungeon.
             The game lasted 00:03:29 (1383 turns).

KittyFluff the Trooper (Gargoyle Berserker)         Turns: 1383, Time: 00:03:30

Health: 0/34       AC:  5    Str: 20    XL:     3   Next: 41%
Magic:  3/3        EV: 12    Int:  7    God:    Trog [**....]
Gold:   28         SH:  0    Dex: 11    Spells: 2/2 levels left

rFire   . . .      SeeInvis .   a - +0 mace
rCold   . . .      Faith    .   (no shield)
rNeg    + . .      Spirit   .   b - +0 animal skin
rPois   ∞          Reflect  .   (no helmet)
rElec   +          Harm     .   (no cloak)
rCorr   .          Rampage  .   (no gloves)
Will    .....                   (no boots)
Stlth   ..........              (no amulet)
HPRegen 0.11/turn               (no ring)
MPRegen 0.08/turn               (no ring)

@: berserking, very quick
A: sickness immunity, AC +3, negative energy resistance 1, electricity
resistance, torment resistance 1, petrification resistance
a: Renounce Religion, Berserk, Trog's Hand


You were on level 2 of the Dungeon.
You worshipped Trog.
Trog was pleased with you.
You visited 1 branch of the dungeon, and saw 2 of its levels.

You collected 28 gold pieces.

Inventory:

Hand Weapons
 a - a +0 mace (weapon)
Missiles
 c - 50 stones (quivered)
 f - 6 poisoned darts
Armour
 b - a +0 animal skin (worn)
Scrolls
 h - a scroll of identify {unknown}
Potions
 d - a potion of haste {unknown}
 e - 2 potions of might {unknown}
 g - 2 potions of mutation {unknown}
 i - 2 potions of invisibility {unknown}


   Skills:
 + Level 3.6 Fighting
 + Level 3.3 Maces & Flails
 * Level 3.1 Armour
 + Level 1.9 Dodging


You had 2 spell levels left.
You didn't know any spells.
Your spell library was empty.

Dungeon Overview and Level Annotations

Branches:
Dungeon (2/15)

Altars:

Annotations:
D:2 Terence


Innate Abilities, Weirdness & Mutations

You are immune to sickness and miasma.
Your stone body is resilient. (AC +3)
You are immune to poison.
You resist negative energy. (rN+)
You are resistant to electric shocks. (rElec)
You are resistant to unholy torment.
You are immune to petrification.


Message History

Trog accepts your kill.
You now have 28 gold pieces (gained 3).
You see here a +0 whip.
Found 2 stones.
c - 50 stones (gained 2)
A goblin comes into view. It is wielding a +0 dagger.
Found a scroll labelled COELIVV XOUKOS.
The goblin unwields a +0 dagger.
The goblin wields a +0 sling.
The goblin shoots a sling bullet.
The sling bullet misses you.
Terence the Incautious comes into view.
He is wielding a +0 mace.
The goblin shoots a sling bullet.
The sling bullet misses you.
You hear a shout!
Terence shouts!
The goblin shoots a sling bullet.
The sling bullet hits you. Terence closely misses you.
A hobgoblin comes into view.
The goblin attacks as you move away!
The goblin unwields a +0 sling.
The goblin wields a +0 dagger.
The goblin closely misses you.
You hit Terence.
Terence is lightly wounded.
Terence hits you but does no damage.
You closely miss Terence.
Terence is lightly wounded.
Terence hits you with a +0 mace.
Terence shouts, "Get ready for death!"
Terence hits you with a +0 mace!
* * * LOW HITPOINT WARNING * * *
You closely miss Terence.
Terence is lightly wounded.
Terence barely misses you.
A red film seems to cover your vision as you go berserk!
You feel yourself moving faster!
You feel mighty! Terence hits you with a +0 mace.
* * * LOW HITPOINT WARNING * * *
You closely miss Terence.
Terence is lightly wounded.
You barely miss Terence.
Terence is lightly wounded.
Terence hits you with a +0 mace.
You die...

# ##. ...
#.#
#######g.#
#....@@g.#
#.######?#
#.# # #.#
......#.#
#.#
#.....#.#
#.#
......#.#
#.#
......#.#
#.#
........
#.#


You could see Terence, a hobgoblin and a goblin.

Vanquished Creatures
  An adder (D:2)
  3 endoplasms (D:1)
  2 giant cockroaches (D:1)
  2 goblins (D:1)
  2 hobgoblins (D:1)
  5 kobolds
  2 quokkas (D:1)
  4 ball pythons (D:1)
  2 bats (D:1)
  A frilled lizard (D:1)
  A rat (D:1)
25 creatures vanquished.

Notes
Turn   | Place    | Note
-------+----------+-------------------------------------------
     0 | D:1      | KittyFluff the Gargoyle Berserker began the quest for the
                  | Orb.
     0 | D:1      | Reached XP level 1. HP: 14/14 MP: 1/1
   116 | D:1      | Reached XP level 2. HP: 10/19 MP: 2/2
   831 | D:1      | Reached ** piety under Trog
   864 | D:1      | Reached XP level 3. HP: 23/23 MP: 3/3
  1374 | D:2      | Noticed Terence
  1381 | D:2      | HP: 1/34 [Terence/+0 mace (6)]
  1383 | D:2      | Slain by Terence

Illustrated notes

Levels and vault maps discovered:
D:1:      minmay_arrival_shattered_statue, layout_basic
D:2:      layout_basic, shapermc_ecumenical_altar_rom_forum,
          serial_corexii_hall, corexii_hall_statues_i, corexii_hall_statues_i,
          corexii_hall_statues_i, corexii_hall_statues_x,
          chequers_hall_statues_wall_a, chequers_hall_statues_corner_a,
          minmay_pentomino_o2, uniq_terence

Skill      XL: |  1  2  3 |
---------------+----------+-----
Armour         | 3 |  3.1
Fighting       | |  3.6
Maces & Flails | |  3.3
Dodging        | |  1.9

Action                   || total
-------------------------++-------
Melee: Mace              ||    89
       Punch             ||     1
Invok: Berserk           ||     1
Armor: Animal skin       ||    35
Dodge: Dodged            ||    66
